[Event "Late-Titled-Tuesday-Blitz-January-23-2024"]
[Site "Chess.com"]
[Date "2024.01.23"]
[Round "4"]
[White "messiboca"]
[Black "Nouali_Mohamed"]
[Result "1-0"]
[WhiteElo "2772"]
[BlackElo "2552"]
[TimeControl "180+1"]
[EndTime "14:38:10 PST"]
[Termination "messiboca won on time"]

1. Nf3 Nf6 2. c4 g6 3. Nc3 Bg7 4. e4 d6 5. d4 O-O 6. Be2 c5 7. O-O cxd4 8. Nxd4 Nc6 9. Be3 Nxd4 10. Bxd4 Be6 11.
Qd2 Qa5 12. Rfd1 Rfc8 13. b3 a6 14. f3 Rab8 15. a4 Nd7 16. Nd5 Bxd4+ 17. Qxd4 Bxd5 18. exd5 Qc5 19. a5 b6 20. Qxc5 bxc5 21. Rd3 Rb7 22. Re1 Rcb8 23. Bd1 Ne5 24. Rde3 g5 25. g3 Ng6 26.
Bc2 Kf8 27. Kg2 h6 28. Kh3 Ne5 29. f4 gxf4 30. gxf4 Ng6 31. Kg4 Kg7 32. h4 Kf6 33. Re6+ fxe6 34. Rxe6+ Kg7 35. Rxg6+ Kf7 36. Rxh6 Rg8+ 37. Kh5 Rg7 38. Bf5 Rb8 39. Be6+ 1-0

[Event "Late-Titled-Tuesday-Blitz-January-23-2024"]
[Site "Chess.com"]
[Date "2024.01.23"]
[Round "4"]
[White "Brown_Mamba24"]
[Black "Sanan_Sjugirov"]
[Result "0-1"]
[WhiteElo "2638"]
[BlackElo "3021"]
[TimeControl "180+1"]
[EndTime "14:38:11 PST"]
[Termination "Sanan_Sjugirov won by resignation"]

1. d4 Nf6 2. c4 g6 3. Nc3 Bg7 4. e4 d6 5. Be2 O-O 6. Be3 Nc6 7. d5 Ne5 8. h3 c6 9. f4 Ned7 10. Bf3 cxd5 11. cxd5 b5 12. Nge2 b4 13. Na4 Ba6 14. O-O Qa5 15. Rf2 Bb5 16. b3 Bxa4 17. bxa4 Nc5 18.
Nd4 Nfxe4 19. Rc2 Nc3 20. Qe1 Qxa4 21. Qd2 Rac8 22. Re1 Rfe8 23. Bf2 Qd7 24. Bg4 f5 25. Bf3 N5e4 26. Qd3 Nc5 27. Qd2 N3e4 28. Qd1 a5 29. Nc6 Bc3 30. Ree2 a4 31. Bd4 Bxd4+ 32. Qxd4 b3 33.
axb3 axb3 34. Rb2 e6 35. Nb4 e5 36. fxe5 dxe5 37. Qc4 Nd6 38. Qh4 e4 39. Bg4 Nd3 40. Nxd3 exd3 41. Rxe8+ Rxe8 42. Bd1 Qa7+ 43. Qf2 Re1+ 44.
Kh2 Qxf2 0-1

[Event "Late-Titled-Tuesday-Blitz-January-23-2024"]
[Site "Chess.com"]
[Date "2024.01.23"]
[Round "4"]
[White "Kazan28"]
[Black "dodoucb"]
[Result "0-1"]
[WhiteElo "2604"]
[BlackElo "2459"]
[TimeControl "180+1"]
[EndTime "14:38:11 PST"]
[Termination "dodoucb won by checkmate"]

1. e4 c6 2. d4 d5 3. e5 Bf5 4. h4 Qb6 5. g4 Bd7 6. h5 e6 7. f4 c5 8. c3 Nc6 9. Nf3 Nh6 10. Bh3 f6 11. a3 cxd4 12. cxd4 Rc8 13. Nc3 Nf7 14. Rh2 Be7 15. Na4 Qc7 16. Re2 O-O 17. Nc3 fxe5 18. fxe5 Qd8 19. Be3 Bh4+ 20. Kd2 Na5 21. b3 Ng5 22. Nxh4 Nxh3 23. Ng2 Ng5 24.
Rc1 Qe7 25. Nb1 Ne4+ 26. Ke1 Bb5 27. b4 Rxc1 28. Qxc1 Bxe2 29. Kxe2 Nc4 30. Bf4 Qd7 31. Nc3 Nxc3+ 32. Qxc3 Qb5 33. Qd3 Qa4 34. h6 Qxa3 35. Qc2 Qh3 36. Kf2 Rxf4+ 37. Nxf4 Qh2+ 38. Ng2 Qxg2+ 39. Kxg2 Ne3+ 40. Kh2 Nxc2 41. b5 Nxd4 42. hxg7 Nxb5 43. Kg3 Kxg7 44. Kf4 Nc3 45. g5 a6 46. g6 hxg6 47. Ke3 a5 48. Kd3 Ne4 49. Kc2 g5 50. Kd3 g4 51. Kc2 g3 52. Kd3 g2 53. Kc2 g1=Q 54. Kb3 Qb6+ 55. Ka4 Nc3+ 56. Ka3 Qb4# 0-1

[Event "Late-Titled-Tuesday-Blitz-January-23-2024"]
[Site "Chess.com"]
[Date "2024.01.23"]
[Round "4"]
[White "Maxfan2008"]
[Black "gomeschess02"]
[Result "1-0"]
[WhiteElo "2508"]
[BlackElo "2209"]
[TimeControl "180+1"]
[EndTime "14:38:12 PST"]
[Termination "Maxfan2008 won on time"]

1. d4 Nf6 2. c4 g6 3. Nc3 Bg7 4. e4 d6 5. Be2 O-O 6. Bg5 h6 7. Be3 e5 8. d5 Nbd7 9. Qd2 Kh7 10. h4 Nc5 11. Qc2 a5 12. h5 g5 13. f3 Ne8 14. g4 Nf6 15. Nh3 Nfd7 16. Nf2 c6 17. Nd3 cxd5 18. cxd5 b6 19. Kf2 Ba6 20. Rhb1 Rc8 21.
Nxc5 Nxc5 22. Bxa6 Nxa6 23. Qe2 Nc5 24. b4 axb4 25.
Rxb4 Qc7 26. Rab1 Rb8 27. Nb5 Qd7 28. Na3 Qc7 29. Nc4 Bf6 30. Rxb6 Rxb6 31. Rxb6 Be7 32. Qb2 Ra8 33. Rc6 Qxc6 34. dxc6 Nd3+ 35. Kg3 Nxb2 36. Nxb2 Rc8 37. a4 Rxc6 38. a5 Ra6 39. Bb6 Ra8 40.
Nc4 Bd8 41. Nxd6 Bxb6 42. axb6 Rb8 43. b7 Kg7 44. Kf2 Kf8 45. Ke3 Ke7 46. Nf5+ Kf6 47.
Nxh6 Rxb7 48. Nf5 Rb3+ 49. Kf2 Rb2+ 50. Kg3 Rb3 51. Nd6 Rd3 52. Nc4 Rd7 53. Ne3 1-0

[Event "Late-Titled-Tuesday-Blitz-January-23-2024"]
[Site "Chess.com"]
[Date "2024.01.23"]
[Round "4"]
[White "GoltsevDmitry2000"]
[Black "Defend1r"]
[Result "1-0"]
[WhiteElo "2813"]
[BlackElo "2562"]
[TimeControl "180+1"]
[EndTime "14:38:13 PST"]
[Termination "GoltsevDmitry2000 won by checkmate"]

1. e4 c5 2. Nf3 d6 3. d4 cxd4 4.
Nxd4 Nf6 5. Nc3 a6 6. Be2 e5 7.
Nf5 d5 8. Bg5 d4 9. Bxf6 Qxf6 10. Nd5 Qd8 11. Bf3 g6 12. Nxd4 Bg7 13. Nb3 O-O 14. O-O Nc6 15. c3 f5 16. Qe2 Rf7 17. Rad1 f4 18. Nxf4 Qg5 19. Nd5 Bh3 20. Qe3 Qxe3 21.
Nxe3 Rxf3 22. gxf3 Bxf1 23. Kxf1 Rd8 24. Rxd8+ Nxd8 25. Ke2 Kf7 26. Nc4 Ke6 27. Nc5+ Ke7 28. Kd3 Bh6 29. h3 Bf4 30. b4 Bh2 31. a4 Bf4 32. a5 Bh2 33. Ke2 Bf4 34. Nd3 Ne6 35. Ndxe5 Bxe5 36. Nxe5 Nc7 37. Nd3 Kd6 38. c4 Ne6 39. Ke3 Ng5 40. h4 Ne6 41. e5+ Kc6 42. f4 Ng7 43. Ke4 Nf5 44. h5 Ne7 45. hxg6 hxg6 46.
Nc5 b6 47. Nb3 bxa5 48. Nxa5+ Kb6 49. e6 Nc8 50. Ke5 Kc7 51. Kf6 Kd6 52. Nb7+ Kc7 53. Nc5 Kc6 54. Kxg6 Kd6 55. Kf7 Nb6 56. e7 Nxc4 57.
e8=Q Kd5 58. Qe4+ Kd6 59. Qd4+ Kc6 60. Qd7+ Kb6 61. Qb7# 1-0

[Event "Late-Titled-Tuesday-Blitz-January-23-2024"]
[Site "Chess.com"]
[Date "2024.01.23"]
[Round "4"]
[White "FairChess_on_YouTube"]
[Black "K_A_S_T_O_R"]
[Result "1-0"]
[WhiteElo "3092"]
[BlackElo "2890"]
[TimeControl "180+1"]
[EndTime "14:38:15 PST"]
[Termination "FairChess_on_YouTube won on time"]

1. c4 c5 2. g3 g6 3. Bg2 Bg7 4. Nf3 Nc6 5. O-O d6 6. d3 e6 7. Nc3 Nge7 8. Qd2 O-O 9. b3 b6 10. Bb2 Bb7 11. Rfd1 d5 12. cxd5 exd5 13. d4 Nxd4 14.
Nxd4 Bxd4 15. e3 Bg7 16. Nxd5 Bxb2 17. Nxe7+ Qxe7 18. Qxb2 Bxg2 19. Kxg2 Rad8 20. Qc2 h5 21. Qc4 Rxd1 22. Rxd1 Rd8 23. Rxd8+ Qxd8 24. a4 Qd6 25. Qe4 Kg7 26. h3 Kf6 27. Qf3+ Ke6 28. Qe4+ Kf6 29.
g4 hxg4 30. hxg4 Qe6 31. Qf4+ Kg7 32. Qc4 Kf6 33. Kf3 Qxc4 34. bxc4 Ke5 35. Ke2 Ke4 36. f3+ Ke5 37. Kd3 g5 38. Kd2 a6 39. Kd3 f6 40. Ke2 Kd6 41. f4 Kd7 42. Kd3 Kd6 43.
Ke4 Ke6 44. Kd3 Kd6 45. Kc3 Kc6 46. Kd2 Kd7 47. Kc2 Kc7 48. a5 b5 49. fxg5 fxg5 50. cxb5 axb5 51. e4 Kb7 52. e5 b4 53. e6 1-0

[Event "Late-Titled-Tuesday-Blitz-January-23-2024"]
[Site "Chess.com"]
[Date "2024.01.23"]
[Round "4"]
[White "rasmussvane"]
[Black "Hikaru"]
[Result "0-1"]
[WhiteElo "2981"]
[BlackElo "3307"]
[TimeControl "180+1"]
[EndTime "14:38:16 PST"]
[Termination "Hikaru won on time"]

1. Nf3 Nf6 2. g3 c5 3. Bg2 g6 4. O-O Bg7 5. c4 O-O 6. Nc3 d6 7. d4 Nc6 8. dxc5 dxc5 9. Be3 Qa5 10. Qa4 Nd7 11. Qxa5 Nxa5 12. Nd2 Bxc3 13. bxc3 Rb8 14. Nb3 Nxc4 15. Bxc5 Nxc5 16. Nxc5 b6 17. Nb3 Bb7 18.
Rfd1 Bxg2 19. Kxg2 Rb7 20. Nd2 Nd6 21. a4 Rc8 22.
Ra3 Rc5 23. Rc1 Rd7 24. Nb3 Rc8 25. Nd4 e5 26. Nb5 Ne4 27. f3 Nc5 28. c4 Rd2 29. Nc3 Nd3 30. Rd1 Rxd1 31. Nxd1 Nc5 32. Kf2 Rd8 33. Ke1 Rd4 34. Nb2 a5 35. e3 Rd6 36.
Ke2 e4 37. fxe4 Nxe4 38. Nd3 Rc6 39. Nb2 Rf6 40. Nd3 Rc6 41. Nb2 h5 42. Rb3 Nc5 43. Rb5 Kf8 44. Kf3 Ke7 45. Ke2 Kd6 46. Kf3 Kc7 47.
Ke2 Rd6 48. h4 Kc6 0-1

[Event "Late-Titled-Tuesday-Blitz-January-23-2024"]
[Site "Chess.com"]
[Date "2024.01.23"]
[Round "4"]
[White "jefferyx"]
[Black "DavidGavrilescu18"]
[Result "1/2-1/2"]
[WhiteElo "2996"]
[BlackElo "2815"]
[TimeControl "180+1"]
[EndTime "14:38:17 PST"]
[Termination "Game drawn by repetition"]

1. d4 d5 2. c4 e6 3. Nf3 Nf6 4. Nc3 Bb4 5. Qa4+ Nc6 6. e3 O-O 7. Bd2 dxc4 8. Bxc4 Bd6 9. Qc2 e5 10. dxe5 Nxe5 11. Nxe5 Bxe5 12. f4 Bd6 13. e4 Ng4 14. Qd3 Qh4+ 15. g3 Qh3 16. Qe2 Bc5 17. O-O-O Nf2 18.
f5 Qg4 19. Qxg4 Nxg4 20. Rhf1 Ne5 21. Be2 a6 22. Bf4 Bd6 23. f6 Be6 24. Nd5 Bxd5 25.
fxg7 Kxg7 26. Rxd5 f6 27. Bd2 Rad8 28. Bc3 c6 29.
Rdd1 Bc7 30. a4 a5 31. Kc2 Kf7 32. b4 axb4 33. Bxb4 Rxd1 34. Rxd1 Ra8 35. Kb3 Ke6 36. Bf1 Bd8 37. Bc3 Be7 38. Bh3+ Kf7 39. Bf1 b6 40.
Bxe5 fxe5 41. Rd7 Ra5 42. Rb7 b5 43. axb5 cxb5 44. Bxb5 Ra3+ 45. Kb2 Re3 46. Bc4+ Kf6 47. Rb6+ Kg7 48. Rb7 Kf6 49. Rb6+ Kg7 50. Rb7 Kf6 1/2-1/2

[Event "Late-Titled-Tuesday-Blitz-January-23-2024"]
[Site "Chess.com"]
[Date "2024.01.23"]
[Round "4"]
[White "GMAkobianSTL"]
[Black "StankovicIvan"]
[Result "1-0"]
[WhiteElo "2761"]
[BlackElo "2544"]
[TimeControl "180+1"]
[EndTime "14:38:17 PST"]
[Termination "GMAkobianSTL won on time"]

1. d4 d5 2. c4 c6 3. cxd5 cxd5 4. Nf3 Nf6 5. Nc3 a6 6. Bf4 Nc6 7. Rc1 Bf5 8. e3 h6 9. Ne5 Nxe5 10. dxe5 Ne4 11.
Qxd5 Nxc3 12. Qxd8+ Rxd8 13. Rxc3 e6 14. a3 g5 15. Bg3 Bg7 16. Be2 O-O 17. f3 f6 18.
e4 Bg6 19. Bc4 Bf7 20. exf6 Bxf6 21. Rc2 Bd4 22. Ke2 Rc8 23. Rhc1 Rfd8 24. b4 h5 25. h4 Bf6 26. hxg5 Bxg5 27. Rd1 h4 28. Be5 Rxd1 29. Kxd1 Kf8 30. Bb3 Rxc2 31. Kxc2 Ke7 32. Kd3 Bh5 33. Bd1 b5 34. Kc2 Be8 35. f4 Bf6 36. Bxf6+ Kxf6 37. Kd3 e5 38. Ke3 Bd7 39. Bh5 h3 40. gxh3 Bxh3 41.
Be8 Bc8 42. Bc6 Ke6 43. Bd5+ Kd6 44. Kf3 exf4 45. Kxf4 Bd7 46. Bb7 1-0

[Event "Late-Titled-Tuesday-Blitz-January-23-2024"]
[Site "Chess.com"]
[Date "2024.01.23"]
[Round "4"]
[White "CM_rui"]
[Black "LastHeroJr"]
[Result "0-1"]
[WhiteElo "2580"]
[BlackElo "2446"]
[TimeControl "180+1"]
[EndTime "14:38:17 PST"]
[Termination "LastHeroJr won by checkmate"]

1. e4 e5 2. Nf3 Nc6 3. Bb5 a6 4. Ba4 Nf6 5. O-O Be7 6. Re1 b5 7. Bb3 O-O 8. c3 d6 9. h3 Na5 10. Bc2 c5 11. d4 Nd7 12. Nbd2 exd4 13. cxd4 Nc6 14. Nf1 cxd4 15. Nxd4 Nxd4 16. Qxd4 Ne5 17. Ne3 Bxh3 18. f4 Nc6 19. Qc3 Bd7 20. Nd5 Rc8 21. Be3 Be6 22. Qd2 Bxd5 23. exd5 Nb8 24. Bf5 Nd7 25. Bd4 Rc4 26. b3 Rxd4 27. Qxd4 Bf6 28. Qd3 Bxa1 29. Bxh7+ Kh8 30. Rxa1 Qh4 31. Bf5 Nf6 32. g3 Qh6 33. Kg2 g6 34. Rh1 Nh5 35. g4 Qxf4 36. gxh5 gxf5 37. Qf3 Rg8+ 38. Kf2 Qd2+ 39.
Kf1 Qc1+ 40. Kf2 Qc2+ 41. Kf1 Qc1+ 42. Kf2 Qd2+ 43. Kf1 Rc8 44. Qf2 Rc1+ 45. Kg2 Qxf2+ 46. Kxf2 Rxh1 47. h6 Kh7 48. b4 Ra1 49. a4 Rxa4 50. Kf3 Rxb4 51. Kg3 Rc4 52. Kf3 a5 53. Kg3 a4 54. Kf3 a3 55. Kg3 a2 56. Kf2 a1=Q 57. Kg2 Qa3 58. Kh2 Rc2+ 59. Kg1 Qa1# 0-1

[Event "Late-Titled-Tuesday-Blitz-January-23-2024"]
[Site "Chess.com"]
[Date "2024.01.23"]
[Round "4"]
[White "Smile2005"]
[Black "reevecanada"]
[Result "1/2-1/2"]
[WhiteElo "2436"]
[BlackElo "2637"]
[TimeControl "180+1"]
[EndTime "14:38:18 PST"]
[Termination "Game drawn by repetition"]

1. e4 c5 2. Nf3 d6 3. Bb5+ Bd7 4. Bxd7+ Qxd7 5. c4 e5 6. Nc3 Nc6 7. a3 h6 8. b4 cxb4 9. axb4 Nxb4 10. d4 exd4 11.
Nxd4 Nf6 12. O-O Nc6 13. Nf5 g6 14. Nd5 Nxd5 15. exd5 Ne5 16. Ne3 Bg7 17. Bb2 O-O 18. Ra2 Rfc8 19. Qa1 a6 20. f4 Ng4 21. Nxg4 Bxb2 22. Nxh6+ Kh7 23. Qxb2 Kxh6 24. Rf3 Rxc4 25. Rh3+ Qxh3 26. gxh3 Rxf4 27. Ra3 Re8 28. Qd2 g5 29. Rg3 f6 30. Rg4 Rxg4+ 31. hxg4 Re5 32. Qb4 Rxd5 33.
Qxb7 Rd1+ 34. Kf2 Rd2+ 35. Kg3 Rd3+ 36. Kg2 Rd2+ 37. Kf1 Rxh2 38. Qxa6 Rd2 39. Qc8 Rd4 40. Qe6 Rf4+ 41. Kg2 d5 42. Kg3 d4 43. Qg8 Re4 44. Qh8+ Kg6 45. Qg8+ Kh6 46. Qf8+ Kg6 47. Qg8+ Kh6 1/2-1/2

[Event "Late-Titled-Tuesday-Blitz-January-23-2024"]
[Site "Chess.com"]
[Date "2024.01.23"]
[Round "4"]
[White "alexgo05"]
[Black "FREZZY23"]
[Result "1-0"]
[WhiteElo "2366"]
[BlackElo "2504"]
[TimeControl "180+1"]
[EndTime "14:38:18 PST"]
[Termination "alexgo05 won by resignation"]

1. Nf3 Nf6 2. b3 g6 3. Bb2 Bg7 4. g3 O-O 5. Bg2 d5 6. O-O c5 7. c4 Nc6 8. cxd5 Nxd5 9. Bxg7 Kxg7 10. Nc3 b6 11. Nxd5 Qxd5 12. d4 Bb7 13. Ne5 Qd6 14. Nxc6 Bxc6 15. dxc5 Qxd1 16. Rfxd1 Bxg2 17. Kxg2 bxc5 18. Rac1 Rfc8 19. Rd7 Kf6 20. Rc4 a5 21. Rb7 a4 22. bxa4 Ke6 23. e4 Kd6 24. Rb6+ Rc6 25. Rb5 f5 26. Kf3 e5 27. Ke3 Re8 28. a5 Re7 29. f3 Ra7 30. Kd3 Rf7 31. Rc2 h5 32.
Kc4 fxe4 33. fxe4 Rf1 34. Rd2+ Ke6 35. Rb6 Rc1+ 36. Kb5 Rxb6+ 37. axb6 c4 38. Kc6 c3 39. Rd6+ Ke7 40. Rd5 c2 41. Rxe5+ Kf6 42. Rc5 g5 43. b7 Rb1 44. Rxc2 Ke5 45. Kc7 Kxe4 46. b8=Q Rxb8 47.
Kxb8 Kf3 48. a4 Kg4 49. a5 Kh3 50. a6 g4 51. a7 h4 52. gxh4 Kxh4 53. h3 Kxh3 54.
a8=Q g3 55. Qe4 g2 56. Qxg2+ Kh4 1-0

[Event "Late-Titled-Tuesday-Blitz-January-23-2024"]
[Site "Chess.com"]
[Date "2024.01.23"]
[Round "4"]
[White "JoakimVonAnd"]
[Black "WPWPWP-2015"]
[Result "0-1"]
[WhiteElo "2617"]
[BlackElo "2495"]
[TimeControl "180+1"]
[EndTime "14:38:20 PST"]
[Termination "WPWPWP-2015 won by resignation"]

1. c4 e5 2. d3 Nf6 3. Nf3 d6 4. g3 Be7 5. Bg2 O-O 6. O-O c6 7.
b4 a5 8. b5 Bg4 9. Nc3 Qc7 10.
Rb1 Nbd7 11. a4 h6 12. Ba3 Rfe8 13. Ne4 Nxe4 14. dxe4 Nc5 15. Bxc5 dxc5 16. Ne1 Rad8 17. Nd3 Rd4 18. Qc2 Be6 19. Nb2 Red8 20. Rfd1 cxb5 21.
axb5 b6 22. e3 R4d7 23. Rd5 Bg4 24. Nd3 f6 25. f4 Be6 26. Rf1 Bd6 27. fxe5 fxe5 28.
Rf5 Bxd5 29. exd5 Rf7 30. Be4 Rdf8 31. Nf2 Qd7 32. g4 Qe7 33. Kg2 Qh4 34. h3 Rxf5 35. Bxf5 g6 36. Bxg6 Qg5 37. Bf5 Qxe3 38. Ne4 Be7 39.
d6 Bh4 40. d7 a4 41. Qd1 Qd4 42. Qc1 Rxf5 43. gxf5 Qxe4+ 44. Kg1 Qxf5 45. Qxh6 Qg5+ 46. Qxg5+ Bxg5 47. Kf2 a3 0-1

[Event "Late-Titled-Tuesday-Blitz-January-23-2024"]
[Site "Chess.com"]
[Date "2024.01.23"]
[Round "4"]
[White "GP9isback23"]
[Black "Jumbo"]
[Result "0-1"]
[WhiteElo "2619"]
[BlackElo "2949"]
[TimeControl "180+1"]
[EndTime "14:38:21 PST"]
[Termination "Jumbo won by resignation"]

1. d4 Nf6 2. Nf3 g6 3. e3 Bg7 4. Be2 O-O 5. O-O c5 6. c3 b6 7. a4 Bb7 8. a5 d6 9. b4 Nbd7 10.
Bb2 Qc7 11. Nbd2 Rfd8 12. a6 Bd5 13. c4 Bxf3 14. Bxf3 Rab8 15. b5 e5 16. Nb3 cxd4 17. exd4 Qxc4 18. Bc6 Qe6 19. Re1 Rbc8 20. Rc1 Rc7 21. dxe5 dxe5 22. Rxe5 Qg4 23. f3 Qb4 24. Re2 Rdc8 25. Bc3 Qa3 26. Ra1 Qf8 27. Bd4 h5 28. Rc1 Qa3 29. Ra1 Qb4 30. Rc1 h4 31. h3 Qa3 32. Bf2 Qb4 33. Kh1 Nf8 34. Nd4 Nh5 35.
Rec2 Ng3+ 36. Kg1 Rd8 37. Rc4 Qb2 38. Qc2 Bxd4 39. Rxd4 Ne2+ 40. Qxe2 Qxc1+ 41. Kh2 Rxd4 42. Bxd4 Qf4+ 0-1

[Event "Late-Titled-Tuesday-Blitz-January-23-2024"]
[Site "Chess.com"]
[Date "2024.01.23"]
[Round "4"]
[White "rhungaski"]
[Black "smotherhubbard"]
[Result "1-0"]
[WhiteElo "2511"]
[BlackElo "2328"]
[TimeControl "180+1"]
[EndTime "14:38:21 PST"]
[Termination "rhungaski won by resignation"]

1. e4 e6 2. d4 d5 3. Nc3 Nf6 4. e5 Nfd7 5. Nce2 c5 6. c3 Nc6 7. Nf3 f6 8. Nf4 Nb6 9. h4 cxd4 10. cxd4 fxe5 11. dxe5 Bb4+ 12. Bd2 Qe7 13. Nd3 Bxd2+ 14. Qxd2 O-O 15. b3 a5 16. Be2 Bd7 17. Qe3 Qd8 18. Nd4 a4 19. O-O Nc8 20. Nc5 Nxd4 21. Qxd4 Ne7 22. Bd3 Nc6 23. Qg4 Nxe5 24. Bxh7+ Kxh7 25.
Qh5+ Kg8 26. Qxe5 b6 27. Nxa4 Rf5 28. Qe3 Qf6 29. Nxb6 Rd8 30. Nxd7 Rxd7 31. Rae1 Re7 32. g3 Rf3 33. Qe5 Qg6 34. Qg5 Qf7 35. Re2 d4 36.
Rfe1 d3 37. Rd2 Rc7 38. Qe5 Rc2 39. Rxc2 dxc2 40. Qc5 Qf5 41. Qxf5 Rxf5 42. Rc1 Rc5 43. Kf1 Kf7 44. Ke2 Kf6 45. Kd2 1-0

[Event "Late-Titled-Tuesday-Blitz-January-23-2024"]
[Site "Chess.com"]
[Date "2024.01.23"]
[Round "4"]
[White "Crazy_girl99"]
[Black "sergiochess83"]
[Result "1-0"]
[WhiteElo "2618"]
[BlackElo "2878"]
[TimeControl "180+1"]
[EndTime "14:38:24 PST"]
[Termination "Crazy_girl99 won on time"]

1. e4 e6 2. d4 d5 3. Nd2 a6 4. Ngf3 c5 5. c3 cxd4 6. Nxd4 Nf6 7. e5 Nfd7 8. f4 Nc6 9. N2f3 Be7 10. Bd3 Nc5 11. Bc2 O-O 12. O-O Bd7 13. Be3 Rc8 14. Qe1 Ne4 15. Rd1 Qc7 16. Bxe4 dxe4 17. Nd2 Nxd4 18.
Bxd4 Bb5 19. Rf2 Bh4 20. g3 Be7 21. Nxe4 Bc6 22. Qe3 b5 23. a3 Ba8 24. Nd2 a5 25.
Nf3 b4 26. axb4 axb4 27. h4 h5 28. Ng5 bxc3 29. bxc3 g6 30. Kh2 Rb8 31. f5 exf5 32. e6 f6 33. Nf7 Rxf7 34. exf7+ Kxf7 35. Re2 Be4 36. Ra2 Rb7 37. Qh6 Bf8 38. Qf4 Qxf4 39.
gxf4 Bd6 40. Be3 Ke7 41. Rad2 Bb8 42. Kg1 Bc6 43. Kf2 Rb3 44. c4 Bc7 45. Rd3 Rb2+ 46. R1d2 Rb8 47. Bc5+ Ke8 48. Re2+ Be4 49. Bd6 Bxd6 50.
Rxd6 Kf7 51. Red2 Rb3 52. Rd7+ Ke8 53. Rg7 Rf3+ 54. Ke2 Rxf4 55. Rb2 Kf8 56. Ra7 Bc6 57. Rb8+ Be8 58. c5 Re4+ 59. Kf2 Re5 60. c6 f4 61. c7 1-0

[Event "Late-Titled-Tuesday-Blitz-January-23-2024"]
[Site "Chess.com"]
[Date "2024.01.23"]
[Round "4"]
[White "Eloist"]
[Black "santosalberto1987"]
[Result "1-0"]
[WhiteElo "2425"]
[BlackElo "2542"]
[TimeControl "180+1"]
[EndTime "14:38:24 PST"]
[Termination "Eloist won by resignation"]

1. e4 e6 2. d4 d5 3. Nc3 Nf6 4.
e5 Nfd7 5. f4 c5 6. Nf3 Nc6 7.
Be3 Qb6 8. Na4 Qa5+ 9. c3 b6 10. Bd2 c4 11. b4 Qa6 12. a3 b5 13. Nb2 Qb7 14. a4 a6 15. g3 Be7 16. Bh3 Nb6 17.
a5 Nd7 18. O-O Nf8 19. Qe2 Bd7 20. Nd1 O-O-O 21. Ne3 g6 22. Ng4 h5 23. Nf2 Nh7 24. Bg2 Rdg8 25. Nh3 Kb8 26. Nfg5 Nxg5 27. Nxg5 Be8 28. h3 Qc7 29. Qf2 Qd8 30. Nf3 Bf8 31. g4 hxg4 32. hxg4 Be7 33. Qg3 f6 34. exf6 Bxf6 35.
f5+ Kb7 36. fxe6 Qe7 37. Rae1 g5 38. Re2 Bg6 39. Ne5 Bxe5 40. Rxe5 Rf8 41. Rxd5 Qxe6 42. Rd6 Rxf1+ 43. Kxf1 Qf7+ 44. Kg1 Rc8 45. Qe5 Bd3 46.
Qc5 Qc7 47. Bxc6+ 1-0

[Event "Late-Titled-Tuesday-Blitz-January-23-2024"]
[Site "Chess.com"]
[Date "2024.01.23"]
[Round "4"]
[White "JaackCamel"]
[Black "emeli_chess"]
[Result "1/2-1/2"]
[WhiteElo "2174"]
[BlackElo "2454"]
[TimeControl "180+1"]
[EndTime "14:38:24 PST"]
[Termination "Game drawn by repetition"]

1. d4 Nf6 2. c4 e6 3. Nc3 Bb4 4. e3 b6 5. Bd3 Bb7 6. Nf3 O-O 7. O-O Bxc3 8. bxc3 Be4 9. Qc2 Bxd3 10. Qxd3 d5 11.
cxd5 Qxd5 12. Ba3 c5 13. c4 Qe4 14. Ne5 Qxd3 15. Nxd3 Rd8 16. Ne5 Nfd7 17. Rfd1 Nxe5 18.
dxe5 Nc6 19. f4 Rxd1+ 20. Rxd1 Rd8 21. Rxd8+ Nxd8 22. Kf2 Nc6 23. Ke2 Kf8 24. Kd3 Ke7 25. g4 g6 26. h4 Kd7 27. e4 Nd4 28. Bb2 Nf3 29. h5 Nh2 30. hxg6 hxg6 31. g5 Kc6 32. a4 a6 33. Bc3 b5 34. axb5+ axb5 35. cxb5+ Kxb5 36. Be1 Nf3 37. Bf2 Kb4 38. Ke2 Nd4+ 39. Bxd4 cxd4 40.
Kd3 Kc5 41. f5 Kb5 42. Kxd4 Kb4 43. Kd3 Kb3 44. Kd4 Kb4 45. Kd3 Kb3 46. fxe6 fxe6 47. Kd4 Kb4 48. Kd3 Kb3 49. Kd4 Kb4 50. Kd3 Kb3 1/2-1/2

[Event "Late-Titled-Tuesday-Blitz-January-23-2024"]
[Site "Chess.com"]
[Date "2024.01.23"]
[Round "4"]
[White "TheAlienParty"]
[Black "ProChessWICTH"]
[Result "0-1"]
[WhiteElo "2340"]
[BlackElo "2517"]
[TimeControl "180+1"]
[EndTime "14:38:26 PST"]
[Termination "ProChessWICTH won on time"]

1. c4 Nf6 2. Nc3 d5 3. cxd5 Nxd5 4. g3 g6 5. Bg2 Nb6 6. Nf3 Bg7 7. d4 O-O 8. O-O Nc6 9. e3 e5 10. d5 Na5 11. Nd2 Bd7 12. Qe2 Qe7 13. a3 Qc5 14. Qd3 Nac4 15. b4 e4 16. Bxe4 Qe7 17. Nxc4 Nxc4 18.
Qxc4 Bxc3 19. Qxc3 Qxe4 20. Bb2 f6 21. Qxc7 Bh3 22.
f3 Qxe3+ 23. Rf2 Rae8 24. Qc3 Qb6 25. Qd4 Qd6 26. Rd1 Bf5 27. Qxa7 b6 28. Qb7 Rd8 29. Rfd2 Rc8 30. Qa6 Rfe8 31. Qb5 Re3 32. a4 Rxf3 33.
a5 bxa5 34. bxa5 Rc5 35. Qb7 Rc7 36. Qa8+ Kg7 37. a6 Qb6+ 38. Kg2 Be4 39. Bd4 Rf5+ 40. Kg1 Qb3 41. Qd8 Qf3 42. Qxc7+ Kh6 0-1

[Event "Late-Titled-Tuesday-Blitz-January-23-2024"]
[Site "Chess.com"]
[Date "2024.01.23"]
[Round "4"]
[White "Viktor_Poddubnyi"]
[Black "Herman-NY"]
[Result "0-1"]
[WhiteElo "2258"]
[BlackElo "2476"]
[TimeControl "180+1"]
[EndTime "14:38:26 PST"]
[Termination "Herman-NY won on time"]

1. e4 c5 2. Nf3 e6 3. g3 a6 4. Bg2 b5 5. O-O Bb7 6. Re1 Nc6 7. c3 Nf6 8. e5 Nd5 9. d4 cxd4 10. cxd4 Be7 11.
Nc3 Nxc3 12. bxc3 O-O 13. a4 Rc8 14. Qe2 b4 15. c4 d5 16. c5 a5 17. Bf1 Ra8 18.
Qc2 Ba6 19. Bh3 Rb8 20. Rb1 Bc4 21. Be3 Rb7 22. Nd2 Ba6 23. Bf1 Bxf1 24. Rxf1 f5 25. Nb3 g5 26. f4 g4 27. Kf2 h5 28. h4 Bxh4 29. gxh4 Qxh4+ 30. Ke2 Qe7 31. Rh1 h4 32. Rbg1 Rf7 33. Kd3 Rh7 34. Qf2 Kf8 35. Rxg4 fxg4 36. f5 exf5 37. Qxf5+ Kg8 38. Qxg4+ Rg7 39. Qxh4 Qxh4 40.
Rxh4 Nd8 0-1

[Event "Late-Titled-Tuesday-Blitz-January-23-2024"]
[Site "Chess.com"]
[Date "2024.01.23"]
[Round "4"]
[White "KNVB"]
[Black "Statham_01"]
[Result "1-0"]
[WhiteElo "2750"]
[BlackElo "2543"]
[TimeControl "180+1"]
[EndTime "14:38:27 PST"]
[Termination "KNVB won by resignation"]

1. d4 Nf6 2. Bf4 g6 3. e3 Bg7 4. h3 d6 5. c3 Nc6 6. Nf3 O-O 7. Bh2 Re8 8. Be2 Ne4 9. a4 e5 10. a5 a6 11. O-O Bf5 12. Re1 h5 13. Nbd2 Nxd2 14.
Nxd2 d5 15. Bf1 Qf6 16. b4 Rad8 17. Nb3 Qg5 18. dxe5 Qe7 19. Nd4 Bd7 20. f4 f6 21.
exf6 Bxf6 22. Bd3 Kg7 23. Qf3 Bh4 24. Bg3 Rf8 25. Bxh4 Qxh4 26. Kh2 Ne5 27. Qe2 Bg4 28. Qf1 Rde8 29. g3 Qd8 30. hxg4 Nxg4+ 31. Kg1 Nxe3 32. Qf3 Ng4 33. Ne6+ Rxe6 34. Rxe6 d4 35. Rxg6+ Kh8 36. Qe4 Re8 37. Rh6+ Kg8 38. Qg6+ Kf8 39. Rh8+ Ke7 40. Rxe8+ Qxe8 41. Re1+ Ne3 42. Qxe8+ Kxe8 43. cxd4 Kf7 44. Rxe3 Kf6 45. Re5 c5 46. bxc5 h4 47.
gxh4 1-0

[Event "Late-Titled-Tuesday-Blitz-January-23-2024"]
[Site "Chess.com"]
[Date "2024.01.23"]
[Round "4"]
[White "FM_Kappeler"]
[Black "XeresLt"]
[Result "1-0"]
[WhiteElo "2279"]
[BlackElo "2465"]
[TimeControl "180+1"]
[EndTime "14:38:28 PST"]
[Termination "FM_Kappeler won by resignation"]

1. c4 Nf6 2. Nf3 g6 3. Nc3 d6 4. e4 Bg7 5. d4 O-O 6. Be2 c5 7. O-O Nc6 8. d5 Na5 9. a3 Qb6 10. b4 cxb4 11. Be3 Qc7 12. Nb5 Qd7 13. axb4 Nxe4 14.
Rxa5 b6 15. Bxb6 axb6 16. Rxa8 Qg4 17. Nfd4 Qh4 18. Nc6 Bd7 19. Rxf8+ Kxf8 20. Qa4 Bf6 21. Qa7 Bf5 22. Nbd4 Nd2 23. Nxf5 gxf5 24. Rd1 Ne4 25. Qxb6 Kg7 26. Qe3 Nc3 27. Rc1 Ne4 28. b5 Bg5 29. Qa3 Qxf2+ 30. Kh1 Qxe2 31. Qa1+ Bf6 32. Nd4 Qe3 33. Nxf5+ Kg6 34. Nxe3 Bxa1 35. Rxa1 Nf2+ 36. Kg1 Nd3 37. b6 Nc5 38. Rb1 Nb7 39. Nc2 Kf5 40.
Nd4+ Ke5 41. Nc6+ Kf6 42. Kf2 e6 43. Ke3 exd5 44. cxd5 Kf5 45. Kd4 Kf4 46. Rf1+ Kg5 47. Rxf7 Nc5 48. b7 Nb3+ 49. Kc3 Na5 50. b8=Q 1-0